 Dungeon Crawl Stone Soup version 0.29.1-15-g9cfb28693d (webtiles) character file.

Game seed: 9648345622375471213

241 fleeber the Slasher (level 6, -2/48 HPs)
             Began as a Merfolk Gladiator on Mar 4, 2023.
             Killed by nerve-wracking pain
             ... invoked by Grinder
              (4 damage)
             ... while paralysed by Grinder
             ... on level 4 of the Dungeon.
             The game lasted 00:06:49 (3287 turns).

fleeber the Slasher (Merfolk Gladiator)             Turns: 3287, Time: 00:06:50

Health: -2/48      AC:  7    Str: 15    XL:     6   Next: 8%
Magic:  6/6        EV:  2    Int:  7    God:
Gold:   172        SH:  0    Dex: 17    Spells: 5/5 levels left

rFire   . . .      SeeInvis .   a - +0 long sword
rCold   . . .      Faith    .   (no shield)
rNeg    . . .      Spirit   .   x - +0 scale mail
rPois   .          Reflect  .   c - +0 helmet
rElec   .          Harm     .   (no cloak)
rCorr   .          Rampage  .   (no gloves)
Will    .....                   (no boots)
Stlth   ..........              (no amulet)
HPRegen 0.16/turn               (no ring)
MPRegen 0.10/turn               (no ring)

@: paralysed
A: (nimble swimmer 2), mertail
a: no special abilities


You were on level 4 of the Dungeon.
You visited 1 branch of the dungeon, and saw 4 of its levels.

You collected 172 gold pieces.

Inventory:

Hand Weapons
 a - a +0 long sword (weapon)
Missiles
 d - 3 throwing nets
 e - a javelin
 f - 6 poisoned darts
 g - 45 stones
 m - an atropa-tipped dart (quivered)
Armour
 c - a +0 helmet (worn)
 x - a +0 scale mail (worn)
Scrolls
 b - a scroll of noise {unknown}
 h - 2 scrolls of enchant weapon {unknown}
 j - 6 scrolls of identify {unknown}
 k - a scroll of summoning {unknown}
 o - a scroll of blinking {unknown}
 r - a scroll of enchant armour {unknown}
 t - a scroll of silence {unknown}
 u - 2 scrolls of teleportation {unknown}
 v - a scroll of vulnerability {unknown}
 y - a scroll of fear {unknown}
Potions
 i - a potion of curing {unknown}
 l - 2 potions of haste {unknown}
 n - a potion of lignification {unknown}
 p - 2 potions of invisibility {unknown}
 q - a potion of magic {unknown}
 s - a potion of might {unknown}
 w - a potion of flight {unknown}


   Skills:
 + Level 3.8 Fighting
 * Level 6.1 Long Blades
 - Level 2.0 Throwing
 + Level 5.5 Dodging


You had 5 spell levels left.
You didn't know any spells.
Your spell library contained the following spells:

 Spells                   Type           Power      Damage    Failure   Level
 Inner Flame              Hex/Fire       0%         N/A       99%         3
 Cause Fear               Hex            0%         N/A       100%        4
 Discord                  Hex            0%         N/A       100%        8


Dungeon Overview and Level Annotations

Branches:
Dungeon (4/15)
 Temple: D:4-7

Altars:

Annotations:
D:4 Grinder


Innate Abilities, Weirdness & Mutations

((You are very nimble when in or above water. (Stealth+, EV+, Speed+++)))
Your lower body shifts to a powerful aquatic tail in water.


Message History

You hit Grinder but do no damage.
Grinder is moderately wounded.
Grinder misses you.
You hit Grinder.
Grinder is heavily wounded.
Grinder hits you.
You writhe in agony.
You hit Grinder.
Grinder is heavily wounded.
Grinder hits you.
You writhe in agony.
You slash Grinder!
Grinder is severely wounded.
Grinder hits you but does no damage.
You hit Grinder.
Grinder is severely wounded.
Grinder hits you.
You writhe in agony.
You closely miss Grinder.
Grinder is severely wounded.
Grinder hits you.
* * * LOW HITPOINT WARNING * * *
You writhe in agony.
* * * LOW HITPOINT WARNING * * *
You hit Grinder.
Grinder is severely wounded.
Grinder gestures at you.
You suddenly lose the ability to move!
Grinder hits you but does no damage. Grinder hits you but does no damage.
You can move again.
You hit Grinder but do no damage.
Grinder is severely wounded.
Grinder hits you but does no damage.
You hit Grinder.
Grinder is severely wounded.
Grinder gestures at you.
You suddenly lose the ability to move!
Grinder gestures at you. Pain shoots through your body!
* * * LOW HITPOINT WARNING * * *
Grinder gestures at you. Pain shoots through your body!
You die...

<# .# .# )# .# # ####
.######## #(##...
........# ##(....#
.######.# #...(5.# .# #.#
###@### .######.# #.....#
......#.# #.#...######
.####.#.######.#####....#
## #.#......#.......##.#
#####.######.##########.#
........[.......>.......#
#####.##########.########
......# ###.#


You could see Grinder.

Vanquished Creatures
  Menkaure (D:4)
  Robin (D:3)
  4 adders
  A dart slug (D:3)
  2 orcs (D:3)
  5 ball pythons
  10 bats
  4 endoplasms (D:1)
  2 giant cockroaches (D:1)
  7 goblins
  6 hobgoblins
  2 jackals (D:1)
  10 kobolds
  4 quokkas
  A frilled lizard (D:2)
  5 rats
65 creatures vanquished.

Vanquished Creatures (others)
  A plant (D:1)
1 creature vanquished.

Grand Total: 66 creatures vanquished

Notes
Turn   | Place    | Note
-------+----------+-------------------------------------------
     0 | D:1      | fleeber the Merfolk Gladiator began the quest for the Orb.
     0 | D:1      | Reached XP level 1. HP: 16/16 MP: 1/1
    35 | D:1      | Reached XP level 2. HP: 2/23 MP: 2/2
    35 | D:1      | HP: 1/23 [endoplasm (1)]
    38 | D:1      | Reached skill level 4 in Long Blades
   973 | D:1      | Reached XP level 3. HP: 27/28 MP: 3/3
  1579 | D:2      | Reached XP level 4. HP: 35/35 MP: 4/4
  1607 | D:2      | Reached skill level 5 in Long Blades
  1946 | D:3      | Noticed Robin
  2174 | D:3      | Killed Robin
  2175 | D:3      | Reached skill level 5 in Dodging
  2443 | D:3      | Reached XP level 5. HP: 35/41 MP: 5/5
  2963 | D:4      | Noticed Menkaure
  2981 | D:4      | Killed Menkaure
  2982 | D:4      | Reached skill level 6 in Long Blades
  2982 | D:4      | Reached XP level 6. HP: 4/48 MP: 6/6
  3267 | D:4      | Noticed Grinder
  3282 | D:4      | Paralysed by Grinder for 2 turns
  3285 | D:4      | Paralysed by Grinder for 4 turns
  3286 | D:4      | HP: 2/48 [Grinder/nerve-wracking pain (7)]
  3287 | D:4      | Killed from afar by Grinder

Illustrated notes

Levels and vault maps discovered:
D:1:      giann_bridges, layout_rooms, minmay_misc_feat_diagonals,
          minmay_pentomino_o2
D:2:      layout_rooms
D:3:      layout_basic, chequers_serial_rivers_room_b, roderic_batcave,
          st_stairs_12, uniq_robin
D:4:      layout_basic, serial_shops, nicolae_shop_advertising_works
          [nicolae_subvault_shop_adworks], nicolae_specific_store, st_stairs_8,
          uniq_menkaure, uniq_edmund, uniq_crazy_yiuf_cottage, uniq_grinder

Skill      XL: |  1  2  3  4  5 |
---------------+----------------+-----
Long Blades    | 4 5 6 |  6.1
Fighting       | 3 |  3.8
Dodging        | 5 |  5.5
Throwing       | |  2.0

Action                   |  1- 3 |  4- 6 || total
-------------------------+-------+-------++-------
Melee: Long sword        |   103 |   113 ||   216
       Punch             |       |     2 ||     2
Throw: Dart              |       |     5 ||     5
Armor: Leather armour    |    22 |       ||    22
       Ring mail         |    24 |    22 ||    46
       Scale mail        |       |    31 ||    31
Dodge: Dodged            |    89 |   105 ||   194
